 Dungeon Crawl Stone Soup version 0.30-a0-219-gf2db51d15e (webtiles) character file.

Game seed: 93573479346857391

670 Gwg the Chopper (level 8, 0/67 HPs)
             Began as a Meteoran Fighter on Oct 7, 2022.
             Was a High Priest of Uskayaw.
             Succumbed to a scorpion's poison
             ... on level 6 of the Dungeon.
             The game lasted 00:15:21 (1726 turns).

Gwg the Chopper (Meteoran Fighter)                  Turns: 1726, Time: 00:15:22

Health: 0/67       AC: 10    Str: 19    XL:     8   Next: 13%
Magic:  9/9        EV: 10    Int: 10    God:    Uskayaw [*****.]
Gold:   254        SH:  5    Dex: 14    Spells: 7/7 levels left

rFire   + . .      SeeInvis .    a - +0 war axe
rCold   x . .      Faith    .    c - +0 buckler
rNeg    . . .      Spirit   .    b - +0 scale mail
rPois   .          Reflect  .    m - +0 helmet
rElec   .          Harm     .    (no cloak)
rCorr   .          Rampage  .    t - +0 pair of gloves
Will    ++...                    (no boots)
Stlth   ..........               (no amulet)
HPRegen 0.31/turn                r - ring of willpower
MPRegen 0.11/turn                q - ring of fire

@: lethally poisoned (0 -> -12), glowing
A: sense surroundings 1, otherworldly, glowing, explore regen
a: Renounce Religion, Stomp, Line Pass, Grand Finale


You were on level 6 of the Dungeon.
You worshipped Uskayaw.
Uskayaw was noncommittal.
You visited 1 branch of the dungeon, and saw 6 of its levels.

You collected 254 gold pieces.

Inventory:

Hand Weapons
 a - a +0 war axe (weapon)
 k - a +0 flail
 n - a +0 vorpal mace
 p - a +2 antimagic falchion
Missiles
 j - 13 poisoned darts (quivered)
 s - a throwing net
Armour
 b - a +0 scale mail (worn)
 c - a +0 buckler (worn)
 m - a +0 helmet (worn)
 t - a +0 pair of gloves (worn)
Magical Staves
 g - a staff of conjuration
Jewellery
 d - a ring of magical power
 q - a ring of fire (right hand)
 r - a ring of willpower (left hand)
Wands
 u - a wand of flame (15)
Scrolls
 f - a scroll of immolation
 h - a scroll of poison
 o - 2 scrolls of noise
Potions
 e - a potion of curing
 i - 2 potions of degeneration {unknown}
 l - a potion of ambrosia {unknown}


   Skills:
 + Level 4.5 Fighting
 + Level 7.0 Axes
 + Level 5.8 Armour
 + Level 2.3 Dodging
 - Level 0.1 Stealth
 + Level 4.6 Shields


You had 7 spell levels left.
You didn't know any spells.
Your spell library contained the following spells:

 Spells                   Type           Power      Damage    Failure   Level
 Magic Dart               Conj           0%         1d3       80%         1
 Call Imp                 Summ           0%         N/A       90%         2
 Mephitic Cloud           Conj/Pois/Air  0%         N/A       99%         3


Dungeon Overview and Level Annotations

Branches:
Dungeon (6/15) Zot: 1790
 Temple: D:4-7

Altars:
Kikubaaqudgha
Uskayaw

Shops:
D:5 :

Annotations:
D:4 Edmund
D:5 Blork the orc


Innate Abilities, Weirdness & Mutations

You passively map a small area around you.
You are easily found by Zot.
You glow in the dark.
You regain HP and MP as you explore.


Message History

Your attacks no longer feel as feeble.
The gnoll is no longer moving quickly.
The gnoll bouda calls upon its god to heal the gnoll.
The gnoll is healed somewhat.
The gnoll hits you but does no damage. You block the gnoll's attack.
The scorpion stings you.
The gnoll bouda hits you with a +0 club.
The gnoll hits you from afar with a +0 spear.
* * * LOW HITPOINT WARNING * * *
Uskayaw prepares the audience for your solo!
The helpless gnoll bouda fails to defend itself.
You hit the gnoll bouda.
The gnoll bouda is heavily wounded.
The helpless gnoll fails to defend itself.
You hit the gnoll.
The helpless scorpion fails to defend itself.
You hit the scorpion.
The scorpion is no longer paralysed.
The gnoll bouda is no longer paralysed.
The scorpion stings you but does no damage.
The scorpion closely misses you. The gnoll bouda misses you.
You slash the gnoll bouda!
You kill the gnoll bouda!
You hit the scorpion.
The helpless gnoll fails to defend itself.
You hit the gnoll.
The gnoll is no longer paralysed. x3
The scorpion stings you.
* * * LOW HITPOINT WARNING * * *
You are poisoned.
The scorpion poisons you!
The gnoll hits you from afar with a +0 spear.
* * * LOW HITPOINT WARNING * * *
The gnoll hits you with a +0 whip.
* * * LOW HITPOINT WARNING * * *
The gnoll hits you with a +0 flail!
* * * LOW HITPOINT WARNING * * *
Your Axes skill increases to level 7!
You hit the gnoll.
The gnoll is almost dead.
You closely miss the gnoll. You hit the scorpion.
You kill the scorpion!
You die...

* #. ..#.#...##. ... * ,*
.##.#.#.#.#......#. * *
#............ ......## *
##.#........# ,........ ,....
...# ......###.##...... *
#.[. , ... .................
...., #.# #................ #
#..# #.####.#..##.##.......
..#...##...g@.............>..
.......#..g†g....##..........
.......#.........###......#.#
.......)†).......##.......#.#
,
............................#
*
................#..........†#
................#............
..............####...........
............).....[..........


You could see 3 gnolls.

Vanquished Creatures
  A water moccasin (D:6)
  3 scorpions (D:6)
  4 hounds
  2 iguanas (D:5)
  An orc wizard (D:6)
  Ijyb (D:5)
  A gnoll bouda (D:6)
  Robin (D:3)
  3 gnolls (D:3)
  5 adders
  A white imp (D:5)
  A worm (D:4)
  3 dart slugs
  12 orcs
  3 bats
  6 endoplasms
  2 giant cockroaches
  6 hobgoblins
  9 jackals (D:2)
  3 kobolds
  2 quokkas
  6 ball pythons
  4 frilled lizards (D:2)
  12 goblins
  2 rats (D:2)
94 creatures vanquished.

Notes
Turn   | Place    | Note
-------+----------+-------------------------------------------
     0 | D:1      | Gwg the Meteoran Fighter began the quest for the Orb.
     0 | D:1      | Reached XP level 1. HP: 19/19 MP: 2/2
   112 | D:2      | Reached XP level 2. HP: 12/26 MP: 3/3
   226 | D:2      | Reached skill level 3 in Axes
   226 | D:2      | Reached XP level 3. HP: 26/31 MP: 4/4
   305 | D:2      | Reached XP level 4. HP: 34/39 MP: 5/5
   742 | D:2      | Found a faded altar of an unknown god.
   747 | D:2      | Prayed at the altar of an unknown god.
   747 | D:2      | Became a worshipper of Uskayaw the Reveller
   747 | D:2      | Reached * piety under Uskayaw
   804 | D:3      | Found an ancient bone altar of Kikubaaqudgha.
   810 | D:3      | Reached skill level 4 in Axes
   810 | D:3      | Reached XP level 5. HP: 46/46 MP: 6/6
   870 | D:3      | Reached ** piety under Uskayaw
   872 | D:3      | Reached skill level 1 in Dodging
   876 | D:3      | Reached *** piety under Uskayaw
   904 | D:3      | Noticed Robin
   918 | D:3      | Killed Robin
   918 | D:3      | Reached **** piety under Uskayaw
  1127 | D:4      | Noticed Edmund
  1273 | D:5      | Entered Level 5 of the Dungeon
  1289 | D:5      | Reached skill level 5 in Axes
  1289 | D:5      | Reached XP level 6. HP: 36/52 MP: 7/7
  1393 | D:5      | Noticed Ijyb
  1409 | D:5      | Killed Ijyb
  1533 | D:5      | Reached skill level 5 in Armour
  1533 | D:5      | Reached XP level 7. HP: 54/59 MP: 8/8
  1539 | D:5      | Found Paroawn's Vocational Training.
  1539 | D:5      | Noticed Blork the orc
  1609 | D:6      | Reached skill level 6 in Axes
  1685 | D:6      | Noticed a water moccasin
  1699 | D:6      | Killed a water moccasin
  1707 | D:6      | Reached XP level 8. HP: 21/67 MP: 9/9
  1722 | D:6      | Reached ***** piety under Uskayaw
  1726 | D:6      | Reached skill level 7 in Axes
  1726 | D:6      | Succumbed to a scorpion's poison

Illustrated notes

Levels and vault maps discovered:
D:1:      dpeg_arrival_rooms_c, layout_basic, wad_floor_pattern_untrapped
D:2:      layout_rooms, shapermc_ecumenical_altar_petra, grunt_ministairs_6
D:3:      layout_basic, general_overflow_altar, uniq_robin
D:4:      layout_rooms, nicolae_overflow_hidden_temple, uniq_pargi, uniq_edmund
D:5:      layout_basic, serial_bayou_pond_a, minmay_holes,
          nicolae_shop_vocational, uniq_ijyb, uniq_blork_the_orc
D:6:      layout_rooms

Skill      XL: |  1  2  3  4  5  6  7  8 |
---------------+-------------------------+-----
Armour         | 4 5 |  5.8
Axes           | 3 4 5 6 7 |  7.0
Shields        | 4 |  4.6
Dodging        | 1 2 |  2.3
Fighting       | 4 |  4.5
Stealth        | |  0.1

Action                   |  1- 3 |  4- 6 |  7- 9 || total
-------------------------+-------+-------+-------++-------
Melee: War axe           |    49 |   153 |    57 ||   259
  Use: Scroll            |       |     2 |     2 ||     4
       Potion            |       |     2 |     1 ||     3
 Stab: Paralysed         |       |     6 |     6 ||    12
Armor: Scale mail        |    33 |    79 |    34 ||   146
Dodge: Dodged            |    22 |    66 |    24 ||   112
Block: Buckler           |    24 |    37 |    21 ||    82

Table legend: (Time is in decaauts)
 A = Elapsed time spent in this place.
 B = Non-inter-level travel time spent in this place.
 C = Inter-level travel time spent in this place.
 D = Time resting spent in this place.
 E = Time spent auto-exploring this place.
 F = Levels seen in this place.
 G = Mean time per level.
                   A        B        C        D        E       F      G
               +--------+--------+--------+--------+--------+-----+--------+
         Total |   1809 |   1720 |     89 |      0 |      0 |   6 |  301.5 |
       Dungeon |   1809 |   1720 |     89 |      0 |      0 |   6 |  301.5 |
               +--------+--------+--------+--------+--------+-----+--------+

Top non-repeatable levels by time:
     D:3: 503 daAuts
     D:2: 444 daAuts
     D:1: 321 daAuts
     D:5: 316 daAuts
     D:6: 163 daAuts
     D:4: 61 daAuts
